 Dungeon Crawl Stone Soup version 0.30-a0-358-g0d69a1922f (webtiles) character file.

Game seed: 13224467377795061652

11015 ragingrage the Marksspriggan (level 11, -17/46 HPs)
             Began as a Spriggan Hunter on Nov 9, 2022.
             Was a Priest of Hepliaklqana.
             Demolished by a minotaur
             ... wielding a +4 lajatang of pain
              (48 damage)
             ... in a Gauntlet.
             The game lasted 00:14:55 (11098 turns).

ragingrage the Marksspriggan (Spriggan Hunter)     Turns: 11098, Time: 00:14:56

Health: -17/46     AC:  8    Str:  7    XL:     11   Next: 43%
Magic:  11/14      EV: 22    Int: 11    God:    Hepliaklqana [***...]
Gold:   581        SH:  0    Dex: 23    Spells: 10/10 levels left

rFire   + . .      SeeInvis +    v - +1 shortbow (chaos)
rCold   . . .      Faith    .    (shield currently unavailable)
rNeg    . . .      Spirit   .    N - +2 robe {Will+}
rPois   +          Reflect  .    Q - +2 hat {Stlth+}
rElec   .          Harm     .    U - +1 cloak {rPois}
rCorr   .          Rampage  .    (gloves unavailable)
Will    ++...      NoTele   +    (boots unavailable)
Stlth   +++++.....               (no amulet)
HPRegen 0.27/turn                o - ring of poison resistance
MPRegen 0.14/turn                i - ring of protection from fire

@: hasted, invisible, very quick
A: reduced essence, very small, no large weapons, unfitting armour, see
invisible, speed 3, talons 1
a: Renounce Religion, Recall Ancestor, Ancestor Identity, Transference


You were in a Gauntlet.
You worshipped Hepliaklqana.
Hepliaklqana was most pleased with you.
You visited 2 branches of the dungeon, and saw 12 of its levels.
You also visited: Sewer and Gauntlet.

You collected 581 gold pieces.

Inventory:

Hand Weapons
 v - a +1 shortbow of chaos (weapon)
 y - the +4 dagger "Asafigiv" {speed, rC+}
   (You found it on level 4 of the Dungeon)

   Attacks with this weapon are significantly faster.
   rC:        It protects you from cold.
Missiles
 h - 15 poisoned darts
 T - 6 datura-tipped darts
Armour
 c - +0 steam dragon scales
 g - a +2 cloak
 N - a +2 robe of willpower (worn)
 Q - a +2 hat of stealth (worn)
 U - a +1 cloak of poison resistance (worn)
Jewellery
 a - a ring of ice
 i - a ring of protection from fire (right hand)
 l - a ring of protection from cold
 o - a ring of poison resistance (left hand)
 H - a ring of fire
 S - a ring of magical power
Wands
 C - a wand of polymorph (9)
 E - a wand of digging (4)
 F - a wand of flame (22)
 I - a wand of iceblast (3)
 K - a wand of mindburst (14)
 L - a wand of light (6)
Scrolls
 b - a scroll of immolation
 f - 4 scrolls of teleportation
 m - a scroll of summoning
 n - 3 scrolls of blinking
 q - 3 scrolls of poison
 r - 7 scrolls of identify
 s - 2 scrolls of enchant armour
 u - 8 scrolls of amnesia
 z - a scroll of enchant weapon
 J - 2 scrolls of vulnerability
 R - a scroll of silence
Potions
 d - 5 potions of curing
 e - 8 potions of flight
 p - 2 potions of might
 t - 5 potions of degeneration
 w - 2 potions of berserk rage
 x - 7 potions of heal wounds {unknown}
 A - 6 potions of ambrosia
 D - 2 potions of brilliance {unknown}
 G - 2 potions of invisibility
 O - a potion of mutation


   Skills:
 + Level 3.4 Fighting
 - Level 16.0 Ranged Weapons
 + Level 2.5 Armour
 + Level 5.7 Dodging
 + Level 5.9 Stealth
 + Level 3.5 Invocations
 + Level 4.5 Evocations


You had 10 spell levels left.
You didn't know any spells.
Your spell library contained the following spells:

 Spells                   Type           Power      Damage    Failure   Level
 Summon Small Mammal      Summ           0%         N/A       34%         1
 Ensorcelled Hibernation  Hex/Ice        0%         N/A       47%         2
 Passwall                 Tmut/Erth      0%         N/A       47%         2
 Scorch                   Fire           0%         2d5       47%         2
 Call Canine Familiar     Summ           0%         N/A       71%         3
 Dazzling Flash           Conj/Hex       0%         N/A       71%         3
 Gell's Gravitas          Tloc           0%         N/A       71%         3
 Lesser Beckoning         Tloc           0%         N/A       71%         3
 Spider Form              Tmut/Pois      0%         N/A       71%         3
 Summon Guardian Golem    Hex/Summ       0%         N/A       71%         3
 Swiftness                Air            0%         N/A       71%         3
 Teleport Other           Tloc           0%         N/A       71%         3
 Tukima's Dance           Hex            0%         N/A       71%         3
 Anguish                  Hex/Necr       0%         N/A       98%         4
 Animate Armour           Summ/Erth      0%         N/A       98%         4
 Flame Wave               Conj/Fire      0%         2d4       98%         4
 Passage of Golubria      Tloc           0%         N/A       98%         4
 Agony                    Necr           0%         N/A       100%        5
 Blade Hands              Tmut           0%         N/A       100%        5
 Freezing Cloud           Conj/Ice/Air   0%         6-21      100%        5
 Silence                  Hex/Air        0%         N/A       100%        5
 Yara's Violent Unravell  Hex/Tmut       0%         3d3       100%        5
 Iron Shot                Conj/Erth      0%         9d1       100%        6
 Simulacrum               Ice/Necr       0%         N/A       100%        6
 Summon Cactus Giant      Summ           0%         N/A       100%        6
 Polar Vortex             Ice            0%         N/A       100%        9


Dungeon Overview and Level Annotations

Branches:
Dungeon (11/15)            Temple (1/1) D:5            Lair (0/5) D:8
    Orc (0/2) D:10          Sewer (visited)         Gauntlet (1/1)

Altars:
Ashenzari
Cheibriados
Dithmenos
Elyvilon
Fedhas
Gozag
Hepliaklqana
Kikubaaqudgha
Makhleb
Nemelex Xobeh
Okawaru
Qazlal
Ru
Sif Muna
Trog
Uskayaw
Vehumet
Wu Jian
Xom
Yredelemnul
Zin
The Shining One

Shops:
D:6 !

Annotations:
D:3 1 runed translucent door, quakins's ghost, weakling DEHs Gauntlet 6 transporters


Innate Abilities, Weirdness & Mutations

Your life essence is reduced to manifest your ancestor. (-10% HP)
You are very small and have problems with some larger weapons.
You are too small for most types of armour.
You have supernaturally acute eyesight. (SInv)
You cover ground extremely quickly. (Speed+++)
You have sharp toenails.


Message History

Ku-aya is recalled.
The meliai closely misses you. The meliai completely misses you.
The meliai hits you with a +0 war axe! The meliai stings you.
Fire: v) +1 shortbow (chaos)
Press: ? - help, Q - select action, (/) - cycle Shift-Dir - straight line, f/p - meliai
Aim: a meliai, wielding a +0 war axe and wearing a +0 leather armour (unable to see you, ally target, 62% to hit)
You shoot an arrow. The arrow hits the meliai.
You feel better.
The meliai is moderately wounded.
The meliai completely misses you. The meliai misses you.
Fire: v) +1 shortbow (chaos)
Press: ? - help, Q - select action, (/) - cycle Shift-Dir - straight line, f/p - meliai
Aim: a meliai, wielding a +0 war axe and wearing a +0 leather armour (moderately wounded, unable to see you, ally target, 62% to hit)
You shoot an arrow. The arrow hits the meliai.
Lightning courses through the meliai!!
You kill the meliai!
Fire: v) +1 shortbow (chaos)
Press: ? - help, Q - select action, (/) - cycle Shift-Dir - straight line, f - you
Okay, then.
You feel a little less mighty now.
A minotaur comes into view.
It is wielding a +4 lajatang of pain and quivering silver javelins.
Ku-aya is recalled.
Fire: v) +1 shortbow (chaos)
Press: ? - help, Q - select action, (/) - cycle Shift-Dir - straight line, f - minotaur
Aim: a minotaur, wielding a +4 lajatang of pain, wearing a +0 chain mail and quivering silver javelins (wandering, unable to see you, ally target, hasn't noticed you, 80% to hit)
You shoot an arrow.
The arrow hits the minotaur but does no damage.
The minotaur seems to speed up.
Fire: v) +1 shortbow (chaos)
Press: ? - help, Q - select action, (/) - cycle Shift-Dir - straight line, f/p - minotaur
Aim: a minotaur, wielding a +4 lajatang of pain, wearing a +0 chain mail and quivering silver javelins (fast, unable to see you, ally target, 80% to hit)
You shoot an arrow.
The arrow hits the minotaur but does no damage.
The minotaur resists with almost no effort.
Fire: v) +1 shortbow (chaos)
Press: ? - help, Q - select action, (/) - cycle Shift-Dir - straight line, f/p - minotaur
Aim: a minotaur, wielding a +4 lajatang of pain, wearing a +0 chain mail and quivering silver javelins (fast, unable to see you, ally target, 80% to hit)
You shoot an arrow. The arrow barely misses the minotaur.
The minotaur hits you with a +4 lajatang of pain!!!
Ouch! That really hurt!
You die...

#8#..###### ###..##.#.#
#..#^.... #####..#.##.#
#≈8≈#..#..###
###...#..#©.###
..#.8.#..#.###©
######.#...#..##)...
####..@.#.#.8.#..#^#..#
#....##H#.#...#..####^.
#.#####R#.#.).#..######
#.# #.#.#.©.#≈.......
#.# ..#.R...#∩.......
#.# ###.#.©.#≈.......
#.#####.#.#...#..######
#....##.#.#...#..#G....
####......#.8.#..#.#...


You could see the friendly Ku-aya the knight and a minotaur (fast, unable to see
you, ally target).

Vanquished Creatures
  A boulder beetle (D:11)
  A soul eater (Gauntlet)
  An ugly thing (D:11)
  An elephant (D:8)
  Maggie (D:9)
  A troll (D:9)
  A meliai (Gauntlet)
  6 yaks
  3 steam dragons
  Grum (D:11)
  A vampire mosquito (D:11)
  Duvessa (D:7)
  A sky beast (D:7)
  A black bear (D:7)
  2 ogres
  3 wolves
  3 centaurs
  A kobold brigand (D:9)
  A phantom (D:6)
  3 bullfrogs
  4 scorpions
  14 wights
  Dowan (D:7)
  26 killer bees
  2 howler monkeys
  3 hounds
  A jelly (D:5)
  Crazy Yiuf (D:4)
  A gnoll bouda (D:7)
  An orc priest (D:5)
  An iron imp (Gauntlet)
  4 iguanas
  10 orc wizards
  A mummy (D:8)
  13 gnolls
  11 adders
  A river rat (Sewer)
  3 shadow imps
  A dart slug (D:2)
  31 orcs
  7 bats
  6 endoplasms
  A giant cockroach (D:4)
  9 goblins
  8 hobgoblins
  9 jackals
  7 kobolds
  3 quokkas (D:1)
  12 ball pythons
  8 frilled lizards
  3 kobold zombies (D:8)
  An orc zombie (D:8)
  17 rats
255 creatures vanquished.

Vanquished Creatures (collateral kills)
  A two-headed ogre (D:9)
  A queen bee (D:10)
  A wyvern (D:10)
  A basilisk (D:8)
  A ynoxinul (Gauntlet)
  A steam dragon (D:8)
  2 vampire mosquitoes
  An orc warrior (D:10)
  A black bear (D:8)
  A wolf (D:11)
  A gnoll sergeant (D:9)
  A wight (D:10)
  9 killer bees
  An electric eel (D:7)
  A howler monkey (D:10)
  2 iron imps (Gauntlet)
  2 kobolds (D:9)
28 creatures vanquished.

Vanquished Creatures (others)
  3 knights
  5 ancestors
  4 plants (Gauntlet)
12 creatures vanquished.

Grand Total: 295 creatures vanquished

Notes
Turn   | Place    | Note
-------+----------+-------------------------------------------
     0 | D:1      | ragingrage the Spriggan Hunter began the quest for the Orb.
     0 | D:1      | Reached XP level 1. HP: 10/10 MP: 2/2
   118 | D:1      | Reached XP level 2. HP: 14/14 MP: 3/3
   821 | D:2      | You fall into a shaft and drop 1 floor!
   840 | D:3      | Reached skill level 5 in Ranged Weapons
   840 | D:3      | Reached XP level 3. HP: 17/18 MP: 4/4
  1542 | D:2      | Reached XP level 4. HP: 22/22 MP: 5/5
  2118 | D:3      | Reached skill level 6 in Ranged Weapons
  2280 | D:3      | Found a runed translucent door.
  2280 | D:3      | Noticed quakins's ghost (weakling DEHs)
  2563 | D:4      | Noticed a scorpion
  2655 | D:4      | Identified the +4 dagger "Asafigiv" {speed, rC+}
  2788 | D:4      | Reached XP level 5. HP: 25/25 MP: 6/6
  3199 | D:4      | Found a runed translucent door.
  3200 | D:4      | Noticed Crazy Yiuf
  3440 | D:4      | Killed Crazy Yiuf
  3598 | D:5      | Entered Level 5 of the Dungeon
  3630 | D:5      | Reached skill level 7 in Ranged Weapons
  3635 | D:5      | Reached XP level 6. HP: 30/30 MP: 7/7
  3893 | D:5      | Found a glowing drain.
  3913 | D:5      | Reached skill level 8 in Ranged Weapons
  3942 | Sewer    | Entered a sewer
  4321 | D:5      | Found a staircase to the Ecumenical Temple.
  4335 | D:5      | Reached XP level 7. HP: 33/33 MP: 8/8
  4342 | Temple   | Entered the Ecumenical Temple
  4516 | Temple   | Became a worshipper of Hepliaklqana the Forgotten
  4566 | D:5      | Reached skill level 9 in Ranged Weapons
  5130 | D:6      | Found Roumnoff's Distillery.
  5207 | D:6      | Reached skill level 10 in Ranged Weapons
  5456 | D:6      | Found a bloodstained altar of Trog.
  5457 | D:6      | Reached * piety under Hepliaklqana
  5466 | D:6      | Noticed a steam dragon
  5467 | D:6      | Reached XP level 8. HP: 33/33 MP: 9/9
  5675 | D:7      | Reached skill level 11 in Ranged Weapons
  6329 | D:7      | Reached skill level 12 in Ranged Weapons
  6469 | D:7      | Noticed Dowan
  6471 | D:7      | Noticed Duvessa
  6656 | D:7      | Killed Duvessa
  6657 | D:7      | Reached XP level 9. HP: 29/36 MP: 7/10
  6658 | D:7      | Killed Dowan
  7295 | D:8      | Reached skill level 13 in Ranged Weapons
  7572 | D:8      | Found a staircase to the Lair.
  7574 | D:8      | Noticed an elephant
  7620 | D:8      | Killed an elephant
  7621 | D:8      | Reached skill level 14 in Ranged Weapons
  7823 | D:8      | Reached ** piety under Hepliaklqana
  7824 | D:8      | Remembered your ancestor Ku-aya as a knight
  7935 | D:8      | Found a burning altar of Makhleb.
  8438 | D:9      | Reached XP level 10. HP: 41/41 MP: 11/11
  8460 | D:9      | Noticed Maggie
  8528 | D:9      | Killed Maggie
  8529 | D:9      | Reached skill level 15 in Ranged Weapons
  8744 | D:9      | Noticed a two-headed ogre
  8754 | D:9      | Killed a two-headed ogre
  9108 | D:10     | Entered Level 10 of the Dungeon
  9170 | D:10     | Reached skill level 16 in Ranged Weapons
  9184 | D:10     | Reached skill level 1 in Evocations
  9247 | D:10     | Reached skill level 1 in Invocations
  9382 | D:10     | Reached skill level 1 in Armour
  9676 | D:10     | Reached XP level 11. HP: 42/45 MP: 13/13
  9869 | D:10     | Found a staircase to the Orcish Mines.
 10151 | D:11     | Noticed Grum
 10151 | D:11     | Found a gate leading to a gauntlet.
 10284 | D:11     | Killed Grum
 10293 | D:11     | Reached skill level 5 in Dodging
 10296 | D:11     | Noticed a boulder beetle
 10297 | D:11     | Noticed a red ugly thing
 10485 | D:11     | Killed a boulder beetle
 10486 | D:11     | Reached skill level 5 in Stealth
 10505 | D:11     | Killed a red ugly thing
 10519 | Gauntlet | Entered a Gauntlet
 10519 | Gauntlet | Noticed a tengu warrior
 10519 | Gauntlet | Found a transporter.
 10519 | Gauntlet | Found a transporter.
 10519 | Gauntlet | Found a transporter.
 10533 | Gauntlet | Found a transporter.
 10533 | Gauntlet | Found a transporter.
 10533 | Gauntlet | Found a transporter.
 10535 | Gauntlet | Noticed a tengu warrior
 10543 | Gauntlet | Noticed a soul eater
 10547 | Gauntlet | Found a transporter.
 10549 | Gauntlet | Found a transporter.
 10550 | Gauntlet | Found a transporter.
 10550 | Gauntlet | Found a transporter.
 10552 | Gauntlet | Noticed a great orb of eyes
 10559 | Gauntlet | Found a transporter.
 10568 | Gauntlet | Noticed a red ugly thing
 10568 | Gauntlet | Noticed a green ugly thing
 10637 | Gauntlet | Reached *** piety under Hepliaklqana
 10672 | Gauntlet | Found a transporter.
 10793 | Gauntlet | Identified the +1 barding of Uregg {Fly rElec Int+3}
 10836 | Gauntlet | Killed a soul eater
 11052 | Gauntlet | Gained mutation: You have sharp toenails. [potion of
                  | mutation]
 11093 | Gauntlet | Noticed a minotaur
 11098 | Gauntlet | Demolished by a minotaur

Illustrated notes

Levels and vault maps discovered:
D:1:      psy_arrival_radial01, layout_basic, skrybe_limestone_x,
          amethyst_killhole
D:2:      layout_basic, minmay_hexomino_f4
D:3:      layout_loops_ring, gammafunk_ghost_grave
D:4:      layout_rooms, grunt_ministairs_11, grunt_decor_arrowhead,
          uniq_crazy_yiuf_cottage
D:5:      layout_gridville, minmay_temple_entry_waves, gup_sewer_entry_glass
D:6:      layout_loops_ring, trog_book, serial_shops, nicolae_take_the_stairs
D:7:      layout_basic, minivault_4, uniq_duvessa
D:8:      layout_loops_ring, mainiacjoe_overflow_surrounded_room,
          david_lair_generic, minmay_mini_ossuary
D:9:      layout_loops_ring, uniq_maggie
D:10:     layout_roguey [special_room_bee], orc_0_dummy
D:11:     layout_rooms, gauntlet_entry_generic, uniq_grum
Temple:   nicolae_temple_slightly_damp_pantheon
Gauntlet: gammafunk_gauntlet_hard_choice [gammafunk_gauntlet_arena_corners,
          gammafunk_gauntlet_arena_split_diamond, gammafunk_gauntlet_arena_grid,
          nicolae_gauntlet_arena_grate_2, gammafunk_gauntlet_arena_mazey,
          nicolae_gauntlet_arena_blocks, dreamdust_gauntlet_exit_labyrinth]

Skill      XL: |  1  2  3  4  5  6  7  8  9 10 11 |
---------------+----------------------------------+-----
Ranged Weapons | 5 6 7 8 10 12 14 16 | 16.0
Stealth        | 4 5 |  5.9
Dodging        | 4 5 |  5.7
Evocations     | 2 4 |  4.5
Fighting       | 2 3 |  3.4
Invocations    | 2 3 |  3.5
Armour         | 1 2 |  2.5

Action                   |  1- 3 |  4- 6 |  7- 9 | 10-12 || total
-------------------------+-------+-------+-------+-------++-------
Melee: Shortbow          |       |       |     1 |       ||     1
 Fire: Shortbow          |   109 |   232 |   369 |   397 ||  1107
Invok: Recall Ancestor   |       |       |    11 |    10 ||    21
       Ancestor Life: Kn |       |       |     1 |       ||     1
Evoke: Wand              |       |       |       |     1 ||     1
  Use: Scroll            |       |     2 |       |    13 ||    15
       Potion            |       |       |       |    10 ||    10
Armor: Robe              |     5 |     9 |    11 |    15 ||    40
Dodge: Dodged            |    26 |    82 |    61 |   130 ||   299

Table legend: (Time is in decaauts)
 A = Elapsed time spent in this place.
 B = Non-inter-level travel time spent in this place.
 C = Inter-level travel time spent in this place.
 D = Time resting spent in this place.
 E = Time spent auto-exploring this place.
 F = Levels seen in this place.
 G = Mean time per level.
                   A        B        C        D        E       F      G
               +--------+--------+--------+--------+--------+-----+--------+
         Total |   7900 |   7499 |    401 |   1244 |   4240 |  14 |  564.3 |
       Dungeon |   7090 |   6703 |    387 |   1076 |   3872 |  11 |  644.5 |
        Temple |    114 |    100 |     14 |      0 |     86 |   1 |  114.0 |
         Sewer |    258 |    258 |      0 |      0 |    186 |   1 |  258.0 |
      Gauntlet |    436 |    436 |      0 |    168 |     95 |   1 |  436.0 |
               +--------+--------+--------+--------+--------+-----+--------+

Top non-repeatable levels by time:
     D:7: 1092 daAuts
    D:10: 954 daAuts
     D:4: 821 daAuts
     D:8: 730 daAuts
     D:9: 699 daAuts
     D:2: 586 daAuts
     D:6: 567 daAuts
     D:5: 544 daAuts
     D:1: 509 daAuts
     D:3: 493 daAuts
Gauntlet: 436 daAuts
   Sewer: 258 daAuts
  Temple: 114 daAuts
    D:11: 90 daAuts
